| TOP OF THE 1ST |
|
Vancouver Canadians batting - Pitching for Lowell Spinners : LHP Tara Kawashima
|
|
Pitching: LHP Tara Kawashima
|
|
|
Batting: RHB Jose Ontiveros
|
0-0: Called Strike 0-1: Called Strike 0-2: Strikes out swinging, 2-3 out at first.
|
|
Batting: RHB Selam Chimsima
|
0-0: Ball 1-0: Ball 2-0: Ball 3-0: Called Strike 3-1: Fly out, F9 (Flyball, 9LS, EV 81.2 MPH)
|
|
Batting: SHB Tim Hone
|
0-0: Ball 1-0: Ball 2-0: Called Strike 2-1: Ball 3-1: Swinging Strike 3-2: Foul Ball, location: 2F 3-2: Strikes out swinging
|
| Top of the 1st over - 0 runs, 0 hits, 0 errors, 0 left on base; Vancouver 0 - Lowell 0 |
| BOTTOM OF THE 1ST |
|
Lowell Spinners batting - Pitching for Vancouver Canadians : RHP Jorge Guerrero
|
|
Pitching: RHP Jorge Guerrero
|
|
|
Batting: LHB Eric Gaugler
|
0-0: Ball 1-0: Ball 2-0: Called Strike 2-1: Ball 3-1: Called Strike 3-2: Ground out 4-3 (Groundball, 34, EV 106.2 MPH)
|
|
Batting: LHB Kevin Rolison
|
0-0: Ball 1-0: Called Strike 1-1: Foul Ball, location: 2F 1-2: Fly out, F7 (Flyball, 7, EV 87.5 MPH)
|
|
Batting: LHB Javier Cajina
|
0-0: Called Strike 0-1: Swinging Strike 0-2: Ball 1-2: Ball 2-2: Strikes out swinging
|
| Bottom of the 1st over - 0 runs, 0 hits, 0 errors, 0 left on base; Vancouver 0 - Lowell 0 |
| TOP OF THE 2ND |
|
Vancouver Canadians batting - Pitching for Lowell Spinners : LHP Tara Kawashima
|
|
Batting: RHB Adam O'Hare
|
0-0: Called Strike 0-1: Called Strike 0-2: Ball 1-2: Ball 2-2: Ball 3-2: Fly out, F4 (Line Drive, 4, EV 71.9 MPH)
|
|
Batting: RHB Jorge Cruz
|
0-0: Ball 1-0: SINGLE (Line Drive, 4MD, EV 98.8 MPH)
|
|
Batting: RHB Terry Plumley
|
0-0: Ball 1-0: Ball Jorge Cruz is caught stealing 2nd base 2-4 2-0: Ball 3-0: Called Strike 3-1: Foul Ball, location: 2F 3-2: Foul Ball, location: 2F 3-2: Ground out 5-3 (Groundball, 56, EV 104.4 MPH)
|
| Top of the 2nd over - 0 runs, 1 hit, 0 errors, 0 left on base; Vancouver 0 - Lowell 0 |
| BOTTOM OF THE 2ND |
|
Lowell Spinners batting - Pitching for Vancouver Canadians : RHP Jorge Guerrero
|
|
Batting: RHB Willie Camacho
|
0-0: Ball 1-0: Ball 2-0: Ground out 5-3 (Groundball, 5, EV 101.2 MPH)
|
|
Batting: RHB Dominique Paolozzi
|
0-0: Foul Ball, location: 2F 0-1: Ball 1-1: Foul Ball, location: 2F 1-2: Ball 2-2: Ball 3-2: Fly out, F7 (Flyball, 78M, EV 86.2 MPH)
|
|
Batting: RHB Bakhtiar Asadov
|
0-0: Ball 1-0: Ball 2-0: Foul Ball, location: 2F 2-1: Swinging Strike 2-2: Ball 3-2: Strikes out swinging
|
| Bottom of the 2nd over - 0 runs, 0 hits, 0 errors, 0 left on base; Vancouver 0 - Lowell 0 |
| TOP OF THE 3RD |
|
Vancouver Canadians batting - Pitching for Lowell Spinners : LHP Tara Kawashima
|
|
Batting: RHB Dan Muns
|
0-0: Ball 1-0: Ball 2-0: Called Strike 2-1: SINGLE (Groundball, 6D, EV 96.9 MPH)
|
|
Batting: RHB Manny Elizondo
|
0-0: Ball 1-0: SINGLE (Groundball, 5S, EV 68.8 MPH) (infield hit) Dan Muns to second
|
|
Batting: RHB Luis Reyes
|
0-0: Foul Ball, location: 2F 0-1: Foul Ball, location: 2F 0-2: Foul Ball, location: 2F 0-2: Ball 1-2: SINGLE (Groundball, 6MD, EV 98.1 MPH) Dan Muns to third Manny Elizondo to second Runner from 3rd tries for Home, throw by CF and OUT! 8-2
|
|
Batting: RHB Jose Ontiveros
|
0-0: Ball 1-0: Ball 2-0: Called Strike 2-1: Ball 3-1: Foul Ball, location: 2F 3-2: Foul Ball, location: 2F 3-2: Base on Balls Manny Elizondo to third Luis Reyes to second
|
|
Batting: RHB Selam Chimsima
|
0-0: Ball 1-0: Foul Ball, location: 2F 1-1: Ball 2-1: Fly out, F8 (Flyball, 8RS, EV 88.1 MPH)
|
|
Batting: SHB Tim Hone
|
0-0: Ground out 2-3 (Groundball, 13S, EV 75.0 MPH)
|
| Top of the 3rd over - 0 runs, 3 hits, 0 errors, 3 left on base; Vancouver 0 - Lowell 0 |
| BOTTOM OF THE 3RD |
|
Lowell Spinners batting - Pitching for Vancouver Canadians : RHP Jorge Guerrero
|
|
Batting: RHB Mike Strey
|
0-0: Ball 1-0: Called Strike 1-1: SINGLE (Line Drive, 4M, EV 101.2 MPH)
|
|
Batting: RHB Jose Molina
|
0-0: Ball 1-0: Ball 2-0: Ball 3-0: Base on Balls Mike Strey to second
|
|
Batting: RHB Roger Mitchell
|
0-0: Swinging Strike 0-1: Called Strike 0-2: Ball 1-2: Strikes out swinging
|
|
Batting: LHB Eric Gaugler
|
0-0: Swinging Strike 0-1: Called Strike 0-2: Strikes out swinging
|
|
Batting: LHB Kevin Rolison
|
0-0: Ball 1-0: Called Strike 1-1: Called Strike 1-2: Strikes out swinging
|
| Bottom of the 3rd over - 0 runs, 1 hit, 0 errors, 2 left on base; Vancouver 0 - Lowell 0 |
| TOP OF THE 4TH |
|
Vancouver Canadians batting - Pitching for Lowell Spinners : LHP Tara Kawashima
|
|
Batting: RHB Adam O'Hare
|
0-0: Foul Ball, location: 2F 0-1: Ball 1-1: Ball 2-1: SOLO HOME RUN (Flyball, 7D, EV 105.6 MPH), Distance : 388 ft
|
|
Batting: RHB Jorge Cruz
|
0-0: Called Strike 0-1: Foul Ball, location: 2F 0-2: Ball 1-2: Foul Ball, location: 2F 1-2: Ball 2-2: Foul Ball, location: 2F 2-2: Foul Ball, location: 2F 2-2: Ball 3-2: Strikes out swinging
|
|
Batting: RHB Terry Plumley
|
0-0: Ball 1-0: Foul Ball, location: 2F 1-1: Ball 2-1: Foul Ball, location: 2F 2-2: Hit by Pitch
|
|
Batting: RHB Dan Muns
|
0-0: Called Strike 0-1: DOUBLE (Flyball, 78D, EV 105.0 MPH) Terry Plumley to third
|
|
Batting: RHB Manny Elizondo
|
0-0: Ground out 4-3 (Groundball, 4, EV 96.9 MPH) Terry Plumley scores Dan Muns to third
|
|
Batting: RHB Luis Reyes
|
0-0: Ball 1-0: Foul Ball, location: 2F 1-1: Called Strike 1-2: Ball 2-2: Strikes out swinging
|
| Top of the 4th over - 2 runs, 2 hits, 0 errors, 1 left on base; Vancouver 2 - Lowell 0 |
| BOTTOM OF THE 4TH |
|
Lowell Spinners batting - Pitching for Vancouver Canadians : RHP Jorge Guerrero
|
|
Batting: LHB Javier Cajina
|
0-0: Swinging Strike 0-1: Ball 1-1: Ball 2-1: Foul Ball, location: 2F 2-2: Strikes out looking
|
|
Batting: RHB Willie Camacho
|
0-0: Called Strike 0-1: SINGLE (Groundball, 4M, EV 82.5 MPH) (infield hit)
|
|
Batting: RHB Dominique Paolozzi
|
0-0: Called Strike Willie Camacho steals 2nd base 0-1: Foul Ball, location: 2F 0-2: Ball 1-2: Ball 2-2: Ground out 6-3 (Groundball, 6S, EV 63.8 MPH) Willie Camacho to third
|
|
Batting: RHB Bakhtiar Asadov
|
0-0: Hit by Pitch
|
|
Batting: RHB Mike Strey
|
0-0: Foul Ball, location: 2F 0-1: Ball Wild Pitch! Willie Camacho scores Bakhtiar Asadov to second 1-1: Ball 2-1: Ball 3-1: Ground out 4-3 (Groundball, 4, EV 91.2 MPH)
|
| Bottom of the 4th over - 1 run, 1 hit, 0 errors, 1 left on base; Vancouver 2 - Lowell 1 |
| TOP OF THE 5TH |
|
Vancouver Canadians batting - Pitching for Lowell Spinners : LHP Tara Kawashima
|
|
Batting: RHB Jose Ontiveros
|
0-0: Ball 1-0: Ball 2-0: Foul Ball, location: 2F 2-1: Called Strike 2-2: Ball 3-2: Hit by Pitch
|
|
Pitching: RHP Mike Goodwin
|
|
|
Batting: RHB Selam Chimsima
|
Pickoff Play to 1st, Runner tries for 2nd, OUT after rundown. 0-0: Foul Ball, location: 2F 0-1: Called Strike 0-2: Ball 1-2: SINGLE (Line Drive, 7LS, EV 106.9 MPH)
|
|
Batting: SHB Tim Hone
|
0-0: Fielders Choice at 2nd, 4-6 (Groundball, 34, EV 99.4 MPH)
|
|
Batting: RHB Adam O'Hare
|
0-0: Ball 1-0: Ball 2-0: Ball 3-0: Base on Balls Tim Hone to second
|
|
Batting: RHB Jorge Cruz
|
0-0: Ground out 6-3 (Groundball, 6D, EV 103.8 MPH)
|
| Top of the 5th over - 0 runs, 1 hit, 0 errors, 2 left on base; Vancouver 2 - Lowell 1 |
| BOTTOM OF THE 5TH |
|
Lowell Spinners batting - Pitching for Vancouver Canadians : RHP Jorge Guerrero
|
|
Batting: RHB Jose Molina
|
0-0: Foul Ball, location: 2F 0-1: Ground out 3-1 (Groundball, 34, EV 101.2 MPH)
|
|
Batting: RHB Roger Mitchell
|
0-0: Called Strike 0-1: Called Strike 0-2: Ball 1-2: Foul Ball, location: 2F 1-2: Foul Ball, location: 2F 1-2: Ball 2-2: Strikes out swinging
|
|
Batting: LHB Eric Gaugler
|
0-0: Foul Ball, location: 2F 0-1: Ball 1-1: Ball 2-1: Fly out, F8 (Line Drive, 8LD, EV 90.0 MPH)
|
| Bottom of the 5th over - 0 runs, 0 hits, 0 errors, 0 left on base; Vancouver 2 - Lowell 1 |
| TOP OF THE 6TH |
|
Vancouver Canadians batting - Pitching for Lowell Spinners : RHP Mike Goodwin
|
|
Batting: RHB Terry Plumley
|
0-0: SINGLE (Flyball, 8LS, EV 92.5 MPH)
|
|
Batting: RHB Dan Muns
|
0-0: Called Strike Terry Plumley is caught stealing 2nd base 2-4 0-1: Ball 1-1: SINGLE (Line Drive, 6D, EV 109.4 MPH)
|
|
Batting: RHB Manny Elizondo
|
0-0: Ball 1-0: Ball Dan Muns steals 2nd base 2-0: Swinging Strike 2-1: Ball 3-1: Called Strike 3-2: Base on Balls
|
|
Batting: RHB Luis Reyes
|
0-0: Ball Dan Muns is caught stealing 3rd base 2-5 Manny Elizondo to second 1-0: Ball 2-0: Ball 3-0: Base on Balls
|
|
Batting: RHB Jose Ontiveros
|
0-0: Ball 1-0: Ball 2-0: Fly out, F7 (Line Drive, 78M, EV 92.5 MPH)
|
| Top of the 6th over - 0 runs, 2 hits, 0 errors, 2 left on base; Vancouver 2 - Lowell 1 |
| BOTTOM OF THE 6TH |
|
Lowell Spinners batting - Pitching for Vancouver Canadians : RHP Jorge Guerrero
|
|
Batting: LHB Kevin Rolison
|
0-0: Foul Ball, location: 2F 0-1: Foul Ball, location: 2F 0-2: Ball 1-2: Ground out 3-1 (Groundball, 34S, EV 71.9 MPH)
|
|
Batting: LHB Javier Cajina
|
0-0: Foul Ball, location: 2F 0-1: Ground out 4-3 (Groundball, 4, EV 85.0 MPH)
|
|
Batting: RHB Willie Camacho
|
0-0: Swinging Strike 0-1: SINGLE (Line Drive, 7LS, EV 88.8 MPH)
|
|
Batting: RHB Dominique Paolozzi
|
0-0: Called Strike 0-1: Ball 1-1: Foul Ball, location: 2F 1-2: Ball Willie Camacho is caught stealing 2nd base 2-4
|
| Bottom of the 6th over - 0 runs, 1 hit, 0 errors, 0 left on base; Vancouver 2 - Lowell 1 |
| TOP OF THE 7TH |
|
Vancouver Canadians batting - Pitching for Lowell Spinners : RHP Mike Goodwin
|
|
Batting: RHB Selam Chimsima
|
0-0: Ball 1-0: Called Strike 1-1: DOUBLE (Flyball, 89D, EV 106.9 MPH)
|
|
Batting: SHB Tim Hone
|
0-0: Ball 1-0: Ground out 6-3 (Groundball, 6M, EV 81.9 MPH) Selam Chimsima to third
|
|
Batting: RHB Adam O'Hare
|
0-0: Called Strike 0-1: Called Strike 0-2: Foul Ball, location: 2F 0-2: Ball 1-2: Foul Ball, location: 2F 1-2: Ball 2-2: Ball 3-2: Base on Balls
|
|
Pinch Hitting: LHB Chris Fandino
|
0-0: Foul Ball, location: 2F 0-1: Ball 1-1: Ball Adam O'Hare steals 2nd base 2-1: Swinging Strike 2-2: Strikes out swinging
|
|
Batting: RHB Terry Plumley
|
0-0: Ball 1-0: Called Strike 1-1: Ball 2-1: Ball 3-1: Ground out 4-3 (Groundball, 4, EV 87.5 MPH)
|
| Top of the 7th over - 0 runs, 1 hit, 0 errors, 2 left on base; Vancouver 2 - Lowell 1 |
| BOTTOM OF THE 7TH |
|
Lowell Spinners batting - Pitching for Vancouver Canadians : RHP Jorge Guerrero
|
|
Now at 2B: Tristan Dennis
|
|
|
Now at SS: Luis Reyes
|
|
|
Now in LF: Jose Ontiveros
|
|
|
Now in CF: Ron de Vos
|
|
|
Now in RF: Julio Canseco
|
|
|
Batting: RHB Dominique Paolozzi
|
0-0: SINGLE (Line Drive, 8LS, EV 110.6 MPH)
|
|
Pinch Runner at 1st Joe Booth:
|
|
|
Pinch Hitting: LHB Kien-lung Zou
|
0-0: Ball 1-0: Called Strike Joe Booth steals 2nd, throwing error, E2 Joe Booth to third 1-1: Ball 2-1: Foul Ball, location: 2F 2-2: Ball 3-2: Base on Balls
|
|
Pinch Hitting: SHB Matsudaira Ikeda
|
0-0: Swinging Strike 0-1: Ball 1-1: Ball Kien-lung Zou steals 2nd base 2-1: Foul Ball, location: 2F 2-2: Foul Ball, location: 2F 2-2: Ball 3-2: Foul Ball, location: 2F 3-2: Ground out 5-3 (Groundball, 56, EV 86.2 MPH) Joe Booth scores
|
|
Batting: RHB Jose Molina
|
0-0: Intentional Walk
|
|
Pitching: RHP Mike Merriman
|
|
|
Pinch Hitting: RHB Tony Gallegos
|
0-0: Ball 1-0: Swinging Strike 1-1: Ball 2-1: Fielders Choice at 2nd, 3-6 (Groundball, 34, EV 81.2 MPH) Kien-lung Zou to third
|
|
Batting: LHB Eric Gaugler
|
0-0: SINGLE (Groundball, 6MS, EV 67.5 MPH) (infield hit) Kien-lung Zou scores Tony Gallegos to second
|
|
Pinch Runner at 2nd Nelis Geurts:
|
|
|
Batting: LHB Kevin Rolison
|
0-0: Fly out, F8 (Flyball, 78D, EV 86.2 MPH)
|
| Bottom of the 7th over - 2 runs, 2 hits, 1 error, 2 left on base; Vancouver 2 - Lowell 3 |
| TOP OF THE 8TH |
|
Vancouver Canadians batting - Pitching for Lowell Spinners : RHP Mike Goodwin
|
|
Now at C: Paul Long
|
|
|
Now at 3B: Jose Molina
|
|
|
Now at SS: Matsudaira Ikeda
|
|
|
Now in RF: Curt Stallings
|
|
|
Batting: RHB Dan Muns
|
0-0: Ball 1-0: Ball 2-0: Swinging Strike 2-1: Ball 3-1: Base on Balls
|
|
Pitching: LHP Jessie Leslie
|
|
|
Batting: RHB Tristan Dennis
|
0-0: Ball 1-0: Bunted foul 1-1: Bunted foul 1-2: Foul Ball, location: 2F 1-2: Ball Balk! Dan Muns to second 2-2: Ground out 4-3 (Groundball, 4MS, EV 81.2 MPH) Dan Muns to third
|
|
Batting: RHB Luis Reyes
|
0-0: Called Strike 0-1: Fly out, F9 (Flyball, 9, EV 78.8 MPH)
|
|
Batting: RHB Jose Ontiveros
|
0-0: Ball 1-0: Called Strike 1-1: Ball 2-1: Ball 3-1: Base on Balls
|
|
Batting: RHB Selam Chimsima
|
0-0: Fly out, F8 (Line Drive, 8RM, EV 97.5 MPH)
|
| Top of the 8th over - 0 runs, 0 hits, 0 errors, 2 left on base; Vancouver 2 - Lowell 3 |
| BOTTOM OF THE 8TH |
|
Lowell Spinners batting - Pitching for Vancouver Canadians : RHP Mike Merriman
|
|
Batting: LHB Javier Cajina
|
0-0: Foul Ball, location: 2F 0-1: Called Strike 0-2: Strikes out swinging
|
|
Batting: RHB Willie Camacho
|
0-0: Called Strike 0-1: Ball 1-1: Ball 2-1: Called Strike 2-2: Strikes out looking
|
|
Batting: RHB Joe Booth
|
0-0: Ball 1-0: Called Strike 1-1: Foul Ball, location: 2F 1-2: Foul Ball, location: 2F 1-2: Strikes out looking
|
| Bottom of the 8th over - 0 runs, 0 hits, 0 errors, 0 left on base; Vancouver 2 - Lowell 3 |
| TOP OF THE 9TH |
|
Vancouver Canadians batting - Pitching for Lowell Spinners : LHP Jessie Leslie
|
|
Pinch Hitting: RHB Akira Kubo
|
0-0: Fly out, F9 (Flyball, 89D, EV 91.2 MPH)
|
|
Batting: RHB Adam O'Hare
|
0-0: Ball 1-0: Foul Ball, location: 2F 1-1: Fly out, F8 (Line Drive, 8RD, EV 84.4 MPH)
|
|
Pinch Hitting: RHB Shunsuke Shiba Inu
|
0-0: Foul Ball, location: 2F 0-1: Foul Ball, location: 2F 0-2: SINGLE (Groundball, 6D, EV 102.5 MPH)
|
|
Batting: RHB Terry Plumley
|
0-0: Ball Shunsuke Shiba Inu is caught stealing 2nd base 2-4
|
| Top of the 9th over - 0 runs, 1 hit, 0 errors, 0 left on base; Vancouver 2 - Lowell 3 |
|